 Dungeon Crawl Stone Soup version 0.29.0-4-gdea44cf6ec (webtiles) character file.

Game seed: 6163878024060714334

84 qw the Chopper (level 4, -6/36 HPs)
             Began as a Barachi Chaos Knight on Sept 5, 2022.
             Mangled by a hellwing (7 damage)
             ... summoned by Xom
             ... on level 3 of the Dungeon.
             The game lasted 00:01:03 (2835 turns).

qw the Chopper (Barachi Chaos Knight)               Turns: 2835, Time: 00:01:04

Health: -6/36      AC:  8    Str: 16    XL:     4   Next: 46%
Magic:  4/4        EV: 13    Int: 12    God:
Gold:   95         SH:  0    Dex: 11    Spells: 3/3 levels left

rFire   . . .      SeeInvis .   Y - +0 war axe
rCold   . . .      Faith    .   (no shield)
rNeg    . . .      Spirit   .   m - +0 scale mail
rPois   .          Reflect  .   (no helmet)
rElec   .          Harm     .   e - +0 cloak
rCorr   .          Rampage  .   (no gloves)
Will    .....                   g - +0 pair of boots
Stlth   ..........              (no amulet)
HPRegen 0.12/turn               d - +4 ring of evasion
MPRegen 0.09/turn               (no ring)

@: slow
A: amphibious, slowness 1, strong legs 1, +LOS
a: Hop


You were on level 3 of the Dungeon.
You visited 1 branch of the dungeon, and saw 3 of its levels.

You collected 95 gold pieces.


Innate Abilities, Weirdness & Mutations

You are amphibious.
You cover ground slowly.
You can hop short distances.
You have an extended range of vision and can be seen from far away.


   Skills:
 - Level 3.6 Fighting
 + Level 5.6 Axes
 - Level 2.4 Armour
 - Level 1.1 Dodging


You had 3 spell levels left.
You didn't know any spells.
Your spell library was empty.

Inventory:

Hand Weapons
 f - a +0 whip
 Y - a +0 war axe (weapon)
Armour
 e - a +0 cloak (worn)
 g - a +0 pair of boots (worn)
 m - a +0 scale mail (worn)
Jewellery
 d - a +4 ring of evasion (left hand)
Potions
 a - a potion of curing {unknown}
 b - a potion of mutation {unknown}
 i - a potion of flight {unknown}
 j - a potion of magic {unknown}
 n - a potion of lignification {unknown}
Miscellaneous
 c - a piece from Xom's chessboard (15/15)

Dungeon Overview and Level Annotations

Branches:
Dungeon (3/15)

Altars:
Gozag
Wu Jian

Shops:
D:2 [


Message History

You hit the hellwing but do no damage. You closely miss the ufetubus.
The ufetubus hits you but does no damage.
The ufetubus barely misses you. The hellwing closely misses you. x2
The ufetubus hits you.
The ufetubus hits you but does no damage.
You hit the hellwing but do no damage. You miss the ufetubus.
The ufetubus closely misses you.
The ufetubus hits you but does no damage.
The hellwing closely misses you. The hellwing barely misses you.
The ufetubus closely misses you. The ufetubus misses you.
You hit the hellwing but do no damage. You hit the ufetubus.
The ufetubus misses you.
The ufetubus hits you but does no damage.
The hellwing hits you but does no damage.
The hellwing hits you. The ufetubus hits you.
The ufetubus completely misses you. The white imp spits at you.
The hellwing hits you. x2
You miss the ufetubus.
The ufetubus is moderately wounded.
You hit the hellwing but do no damage. The ufetubus barely misses you.
The ufetubus closely misses you. The hellwing closely misses you.
The hellwing hits you but does no damage.
The ufetubus hits you but does no damage.
The ufetubus misses you.
You completely miss the ufetubus.
The ufetubus is moderately wounded.
You barely miss the hellwing. The ufetubus closely misses you.
The ufetubus hits you but does no damage.
The hellwing hits you! The hellwing barely misses you.
You slash the ufetubus!
You kill the ufetubus!
The ufetubus disappears in a puff of smoke!
You hit the hellwing but do no damage.
The hellwing hits you but does no damage. x2
You closely miss the hellwing. The hellwing barely misses you.
The hellwing hits you. The hellwing hits you! x2
You die...

#....###...## *,.........#.#.
.........###
******,#?.......#.#.
...###.>.#
*,,,,,,.(.......#.#.
,,,#~#...#
*,****,.........'.#.
,,,#.#...##
*,###*,.........##..
,,*#~###..#
*,..#*,.........##.. ***#~#
##.## **#5#*,.........##.. #~#
#..# #4#**#####........
#~#####.# #@# #.######.
#~#..##.#####.# #.# #..
#~##.##..#....# #.# #.#
#~##.###...#### #.#####.#
#......###..##########.##....#
######.#.............#.##.####
#.##.#...............#
#....##..............#
#######.............##


You could see a hellwing (summoned) and a white imp (summoned).

Vanquished Creatures
  2 adders (D:3)
  A dart slug (D:2)
  2 worms (D:2)
  2 orcs (D:3)
  4 ball pythons
  6 endoplasms
  3 giant cockroaches
  3 goblins
  2 hobgoblins
  4 quokkas
  3 bats
  2 frilled lizards
  4 kobolds
  21 rats
59 creatures vanquished.

Vanquished Creatures (others)
  2 fungi (D:3)
  9 plants
11 creatures vanquished.

Grand Total: 70 creatures vanquished

Notes
Turn   | Place    | Note
-------+----------+-------------------------------------------
     0 | D:1      | qw the Barachi Chaos Knight began the quest for the Orb.
     0 | D:1      | Reached XP level 1. HP: 18/18 MP: 1/1
     0 | D:1      | 0 ||| qw: Version: 0.1-a-104-g96f76f8
     0 | D:1      | 0 ||| qw: Game counter: 5957
     0 | D:1      | 0 ||| qw: Always use a shield: true
     0 | D:1      | 0 ||| qw: God list: Okawaru
     0 | D:1      | 0 ||| qw: Allow faded altars: false
     0 | D:1      | 0 ||| qw: Do Orc after D:15 true
     0 | D:1      | 0 ||| qw: Do second Lair branch before Depths: true
     0 | D:1      | 0 ||| qw: Lair rune preference: random
     0 | D:1      | 0 ||| qw: Plans: Normal
     0 | D:1      | 0 ||| PLANNING D:1-11
     0 | D:1      | Fell from the grace of Xom
    32 | D:1      | Found a faded altar of an unknown god.
   328 | D:1      | Reached XP level 2. HP: 23/24 MP: 2/2
   809 | D:1      | Reached skill level 4 in Axes
   948 | D:1      | 948 ||| UPGRADING to +0 cloak.
   953 | D:1      | 953 ||| UPGRADING to +4 ring of evasion.
   954 | D:1      | 954 ||| READING scroll labelled YGGAETHUNG.
  1289 | D:2      | 1289 ||| Stepping ~*~*~tactically~*~*~ (hiding).
  1391 | D:2      | 1391 ||| Stepping ~*~*~tactically~*~*~ (hiding).
  1493 | D:2      | 1493 ||| Stepping ~*~*~tactically~*~*~ (hiding).
  1613 | D:2      | You fall into a shaft and drop 1 floor!
  1649 | D:3      | Found an opulent altar of Gozag.
  1650 | D:3      | 1650 ||| PLANNING SEWER
  1665 | D:3      | Reached XP level 3. HP: 29/29 MP: 3/3
  1674 | D:3      | 1674 ||| Stepping ~*~*~tactically~*~*~ (stealth).
  1676 | D:3      | 1676 ||| Stepping ~*~*~tactically~*~*~ (stealth).
  1732 | D:3      | 1732 ||| Stepping ~*~*~tactically~*~*~ (stealth).
  1733 | D:3      | 1733 ||| Stepping ~*~*~tactically~*~*~ (stealth).
  1923 | D:3      | 1923 ||| SWAPPING to +0 war axe.
  1925 | D:3      | 1925 ||| DROPPING +0 hand axe of chaos.
  1930 | D:3      | 1930 ||| Stepping ~*~*~tactically~*~*~ (stealth).
  1931 | D:3      | 1931 ||| Stepping ~*~*~tactically~*~*~ (stealth).
  1932 | D:3      | 1932 ||| Stepping ~*~*~tactically~*~*~ (stealth).
  1952 | D:3      | 1952 ||| Stepping ~*~*~tactically~*~*~ (stealth).
  1954 | D:3      | 1954 ||| Stepping ~*~*~tactically~*~*~ (stealth).
  1959 | D:3      | 1959 ||| Stepping ~*~*~tactically~*~*~ (stealth).
  1973 | D:3      | 1973 ||| Stepping ~*~*~tactically~*~*~ (stealth).
  2090 | D:3      | 2090 ||| Stepping ~*~*~tactically~*~*~ (stealth).
  2092 | D:3      | Reached skill level 5 in Axes
  2127 | D:3      | Found an ornate altar of the Wu Jian Council.
  2153 | D:3      | 2153 ||| UPGRADING to +0 pair of boots.
  2158 | D:3      | 2158 ||| UPGRADING to +0 ring mail.
  2173 | D:3      | 2173 ||| DROPPING +2 leather armour.
  2174 | D:3      | 2174 ||| UPGRADING to +0 scale mail.
  2184 | D:3      | 2184 ||| DROPPING +0 ring mail.
  2206 | D:3      | 2206 ||| RIP SEWER
  2218 | D:3      | 2218 ||| PLANNING D:1-11
  2224 | D:3      | 2224 ||| READING scroll labelled XOZOIL GUIL.
  2225 | D:3      | 2225 ||| READING scroll labelled YKKORO PILAE.
  2226 | D:3      | 2226 ||| READING scroll labelled NYUNIO GUJUGAT.
  2336 | D:2      | Found Rimaod Fofe's Antique Armour Shoppe.
  2346 | D:2      | 2346 ||| Stepping ~*~*~tactically~*~*~ (stealth).
  2354 | D:2      | 2354 ||| SHOPLISTING embroidered scarf (216 gold, have 87).
  2354 | D:2      | 2354 ||| SHOPLISTING fading hat (243 gold, have 87).
  2354 | D:2      | 2354 ||| SHOPLISTING pair of gloves (121 gold, have 87).
  2354 | D:2      | 2354 ||| SHOPLISTING plate armour (621 gold, have 87).
  2354 | D:2      | 2354 ||| SHOPLISTING scorched ring mail (243 gold, have
                  | 87).
  2401 | D:2      | Reached XP level 4. HP: 36/36 MP: 4/4
  2682 | D:2      | 2682 ||| READING scroll labelled BIVEAT SYAGYEH.
  2825 | D:3      | XOM: summons 3 hostile demons
  2826 | D:3      | Noticed a hellwing
  2833 | D:3      | HP: 9/36 [hellwing[Xom] (13)]
  2835 | D:3      | HP: 1/36 [hellwing[Xom] (7)]
  2835 | D:3      | Mangled by a hellwing

Levels and vault maps discovered:
D:1:      lightli_arrival_flooded_house, layout_basic,
          hellmonk_ecumenical_altar_pennies_from_heaven
D:2:      layout_loops_ring, serial_shops, nicolae_shop_overgrown_old_shop,
          minmay_rat_hole
D:3:      layout_basic, nicolae_overflow_crystal_walls,
          mainiacjoe_overflow_chevrons, lemuel_crystal_altar,
          portal_sewer_entry_d, minmay_cupped, uniq_crazy_yiuf_cottage

Skill      XL: |  1  2  3 |
---------------+----------+-----
Axes           | 4 5 |  5.6
Fighting       | |  3.6
Armour         | |  2.4
Dodging        | |  1.1

Action                   |  1- 3 |  4- 6 || total
-------------------------+-------+-------++-------
Melee: Hand axe          |    86 |       ||    86
       War axe           |    41 |    46 ||    87
       Punch             |     1 |       ||     1
Invok: Renounce Religion |     1 |       ||     1
  Use: Scroll            |     4 |     1 ||     5
 Stab: Petrifying        |     1 |       ||     1
Armor: Leather armour    |    27 |       ||    27
       Scale mail        |     3 |    21 ||    24
Dodge: Dodged            |    81 |    37 ||   118

Table legend:
 A = Non-vault XP
 B = Vault XP
 C = Vault XP percentage of total XP
 D = Non-vault monster count
 E = Vault monster count
 F = Vault count percentage of total count
                 A         B        C        D         E       F
            +---------+---------+-------+---------+---------+-------
      Total |      68 |      53 |  43.8 |      33 |      26 |  44.1
            +---------+---------+-------+---------+---------+-------
        D:1 |      13 |       0 |   0.0 |       8 |       0 |   0.0
        D:2 |      35 |      20 |  36.4 |      15 |      19 |  55.9
        D:3 |      20 |      33 |  62.3 |      10 |       7 |  41.2
            +---------+---------+-------+---------+---------+-------
